 Dungeon Crawl Stone Soup version 0.25.0-1-g7eea58d2a3 (webtiles) character file.

Game seed: 4100403760676808012

576 Fv001 the Skirmisher (level 7, -20/55 HPs)
             Began as a Demonspawn Fighter on June 13, 2020.
             Demolished by an ogre
             ... wielding a +0 giant spiked club
              (25 damage)
             ... on level 4 of the Dungeon.
             The game lasted 00:09:30 (4290 turns).

Fv001 the Skirmisher (Demonspawn Fighter)           Turns: 4290, Time: 00:09:31

Health: -20/55     AC: 15    Str: 16    XL:     7   Next: 13%
Magic:  0/7        EV: 10    Int:  9    God:
Gold:   145        SH: 14    Dex: 15    Spells: 6/6 levels left

rFire    . . .     SeeInvis .   a - +0 flail
rCold    . . .     Gourm    .   c - +0 kite shield
rNeg     + . .     Faith    .   x - +0 swamp dragon scales
rPois    +         Spirit   +   (helmet restricted)
rElec    .         Reflect  +   (no cloak)
rCorr    .         Harm     .   z - +0 pair of gloves
MR       +....                  (no boots)
Stlth    +.........             b - amulet of reflection
HPRegen  0.18/turn              d - ring of protection from magic
MPRegen  0.10/turn              q - ring of positive energy

@: mighty, sanguine armour, flying
A: horns 1, powered by death 1, magic shield, sanguine armour 1
a: no special abilities


You were on level 4 of the Dungeon.
You were not hungry.

You visited 1 branch of the dungeon, and saw 4 of its levels.

You collected 145 gold pieces.

Inventory:

Hand Weapons
 a - a +0 flail (weapon)
Armour
 c - a +0 kite shield (worn)
 w - a +0 chain mail
 x - +0 swamp dragon scales (worn)
 z - a +0 pair of gloves (worn)
Jewellery
 b - an amulet of reflection (around neck)
 d - a ring of protection from magic (left hand)
 q - a ring of positive energy (right hand)
 y - an uncursed amulet of regeneration {unknown}
Scrolls
 e - a scroll of blinking
 g - 2 scrolls of enchant armour {unknown}
 i - 4 scrolls of remove curse
 t - 2 scrolls of random uselessness {unknown}
 u - a scroll of fear {unknown}
 v - a scroll of magic mapping {unknown}
 A - a scroll of amnesia {unknown}
Potions
 h - a potion of haste
 l - a potion of curing {unknown}
 m - 3 potions of resistance
 o - a potion of stabbing {unknown}
 p - a potion of lignification
 s - a potion of berserk rage {unknown}
 B - a potion of magic {unknown}
Comestibles
 f - 7 rations
 r - 11 chunks of flesh


   Skills:
 + Level 4.4 Fighting
 + Level 3.5 Maces & Flails
 + Level 4.1 Armour
 + Level 2.8 Dodging
 + Level 4.1 Shields


You had 6 spell levels left.
You didn't know any spells.
Your spell library contained the following spells:

 Spells                   Type           Power        Failure   Level  Hunger
 Animate Skeleton         Necr           N/A          97%         1    ##.....
 Pain                     Necr           #...         97%         1    ##.....
 Vampiric Draining        Necr           #.........   100%        3    ####...
 Animate Dead             Necr           N/A          100%        4    #####..
 Agony                    Necr           #.......     100%        5    ######.


Dungeon Overview and Level Annotations

Branches:
Dungeon (4/15)
 Temple: D:4-7

Altars:


Innate Abilities, Weirdness & Mutations

You have a pair of small horns on your head.
You regenerate a little health from kills.
When hurt, damage is shared between your health and your magic reserves.
When seriously injured, your bleeding wounds create armour. (AC +6)


Message History

Your +0 pair of gloves melds into your body.
Your +0 swamp dragon scales melds into your body.
Your roots penetrate the ground.
Your blood armour dries and flakes away.
It was a potion of cancellation.
Your magical effects are unravelling.
You feel magically purged.
You feel less wooden.
Your +0 pair of gloves unmelds from your body.
Your +0 swamp dragon scales unmelds from your body.
You feel yourself slow down.
Your blood congeals into armour.
It was a potion of flight.
You feel very buoyant.
You fly up into the air.
You feel very mighty all of a sudden.
You barely miss the ogre.
The ogre is severely wounded.
The ogre hits you with a +0 giant spiked club!!
You die...

.....# ###).## ......
..[..# #.#..### ......
...>.# #)##.O.###......
.....# #.####..#.......
##..## #.#####.........
#..### #....##.....###
#....# ##.##.##.###.#
##...##### ##O.##..<.# ..
##^.....# #@.#####.## ..
#...##.# #.## #...#
###.##.### ##.#####.#.#
###
#.##...###..#.....#.######
..##
#.####...#.#..............
...###.#
###...............#####
....##.#
###.....####..........
....##.#####......##
##.........
....##.......#..#.#
#...).....


You could see an ogre.

Vanquished Creatures
  A centaur (D:2)
  A howler monkey (D:4)
  A hound (D:4)
  4 orc priests
  2 orc wizards (D:4)
  8 gnolls
  9 adders
  2 oozes (D:3)
  6 worms
  A dart slug (D:2)
  10 orcs
  7 bats
  2 giant cockroaches (D:2)
  3 hobgoblins
  4 kobolds
  4 quokkas
  A ball python (D:3)
  5 frilled lizards
  2 goblins
  A quokka skeleton (D:4)
  6 rats
80 creatures vanquished.

Notes
Turn   | Place    | Note
-------+----------+-------------------------------------------
     0 | D:1      | Fv001 the Demonspawn Fighter began the quest for the Orb.
     0 | D:1      | Reached XP level 1. HP: 18/18 MP: 1/1
   889 | D:2      | Gained mutation: You have a pair of small horns on your
                  | head. [demonic ancestry]
   889 | D:2      | Reached XP level 2. HP: 24/24 MP: 2/2
  1175 | D:2      | Reached XP level 3. HP: 29/29 MP: 3/3
  1355 | D:2      | Reached skill level 1 in Dodging
  1751 | D:2      | Noticed a centaur
  1758 | D:2      | Killed a centaur
  1758 | D:2      | Gained mutation: When hurt, damage is shared between your
                  | health and your magic reserves. [demonic ancestry]
  1758 | D:2      | Reached XP level 4. HP: 20/37 MP: 4/4
  1758 | D:2      | Reached XP level 5. HP: 23/42 MP: 5/5
  3376 | D:2      | Gained mutation: You regenerate a little health from kills.
                  | [demonic ancestry]
  3376 | D:2      | Reached XP level 6. HP: 44/48 MP: 6/6
  4230 | D:4      | Gained mutation: When seriously injured, your bleeding
                  | wounds create armour. (AC +6) [demonic ancestry]
  4230 | D:4      | Reached XP level 7. HP: 41/55 MP: 4/7
  4290 | D:4      | Demolished by an ogre

Illustrated notes

Levels and vault maps discovered:
D:1:      dpeg_arrival_simpleton_c, layout_basic
D:2:      layout_basic, minmay_3d_cube
D:3:      layout_loops_corners
D:4:      layout_rooms, first_ration, minivault_14

Skill      XL: |  1  2  3  4  5  6 |
---------------+-------------------+-----
Maces & Flails | 2 3 |  3.5
Armour         | 3 4 |  4.1
Shields        | 3 4 |  4.1
Dodging        | 1 2 |  2.8
Fighting       | 4 |  4.4

Action                   |  1- 3 |  4- 6 |  7- 9 || total
-------------------------+-------+-------+-------++-------
Melee: Flail             |   112 |   231 |    25 ||   368
       Headbutt          |    10 |    41 |     2 ||    53
  Use: Potion            |     1 |       |     5 ||     6
       Scroll            |     3 |     1 |       ||     4
  Eat: Chunk             |     3 |     8 |       ||    11
Armor: Scale mail        |    43 |    32 |       ||    75
       Chain mail        |       |    22 |       ||    22
       Swamp dragon scal |       |    21 |     3 ||    24
Dodge: Dodged            |    37 |    63 |     6 ||   106
Block: Kite shield       |    53 |   150 |    13 ||   216
